 Dungeon Crawl Stone Soup version 0.17.0-56-gd8de76c (webtiles) character file.

2583 dorian the Destroyer (level 9, -7/51 HPs)
             Began as an Octopode Conjurer on Dec 3, 2015.
             Mangled by an orc warrior
             ... wielding a +0 dire flail
              (19 damage)
             ... on level 5 of the Dungeon on Dec 4, 2015.
             The game lasted 00:23:24 (8433 turns).

dorian the Destroyer (Octopode Conjurer)            Turns: 8433, Time: 00:23:24

Health: -7/51      AC:  3    Str:  7    XL:     9   Next: 58%
Magic:  24/27      EV: 12    Int: 21    God:
Gold:   233        SH:  0    Dex: 12    Spells: 3 memorised, 13 levels left

rFire  . . .     SeeInvis .     k - +2 dagger (venom)
rCold  . . .     Clarity  .     (no shield)
rNeg   . . .     SustAt   .     y - +2 hat
rPois  .         Gourm    .     (no amulet)
rElec  .         Spirit   .     B - ring of magical power
rCorr  .         Warding  .     F - ring of wizardry
rMut   .         Stasis   .     (no ring)
MR     .....                    (no ring)
Stlth  +++.......               (no ring)
                                (no ring)
                                (no ring)
                                (no ring)

@: not resistant to hostile enchantments, fairly stealthy
A: almost no armour, amphibious, 8 rings, constrict 8, camouflage 1, gelatinous
body 1
a: no special abilities


You were on level 5 of the Dungeon.
You were not hungry.

You visited 1 branch of the dungeon, and saw 7 of its levels.

You collected 233 gold pieces.

Inventory:

Hand Weapons
 k - a +2 dagger of venom (weapon)
 s - a +1 whip of draining
Missiles
 l - 5 silver tomahawks (quivered)
Armour
 y - a +2 hat (worn)
Jewellery
 B - a ring of magical power (left tentacle)
 F - a ring of wizardry (right tentacle)
Wands
 E - a wand of fire (0)
Scrolls
 c - 2 scrolls of teleportation
 d - 2 scrolls of random uselessness
 e - a scroll of enchant armour
 f - 3 scrolls of identify
 h - 3 scrolls of amnesia
 j - 4 scrolls of remove curse
Potions
 i - 3 potions of agility
 m - 2 potions of ambrosia
 n - 2 potions of cancellation
 p - a potion of flight
 q - 2 potions of haste
 u - a potion of curing
 z - a potion of brilliance {unknown}
 A - 2 potions of lignification {unknown}
Books
 a - a book of Conjurations

   Spells                             Type                      Level
   a - Magic Dart                     Conjuration                  1
   b - Searing Ray                    Conjuration                  2
   c - Dazzling Spray                 Conjuration/Hexes            3
   d - Fulminant Prism                Conjuration/Hexes            4
   e - Iskenderun's Mystic Blast      Conjuration                  4
   f - Iskenderun's Battlesphere      Conjuration/Charms           5
Comestibles
 b - 5 bread rations
 g - 2 meat rations
 o - 3 fruits
 r - 2 beef jerkies
 t - a slice of pizza
 v - a chunk of flesh
 x - a royal jelly


   Skills:
 - Level 2.0 Dodging
 - Level 2.6 Stealth
 - Level 6.5 Spellcasting
 * Level 11.0 Conjurations
 + Level 2.4 Charms


You had 13 spell levels left.
You knew the following spells:

 Your Spells              Type           Power        Failure   Level  Hunger
a - Magic Dart            Conj           ####         1%          1    None
b - Searing Ray           Conj           ######       1%          2    None
c - Iskenderun's Battles  Conj/Chrm      #####...     9%          5    #####..


Dungeon Overview and Level Annotations

Branches:
Dungeon (7/15)
 Temple: D:4-7

Altars:
Elyvilon
Qazlal
Ru
Trog

Shops:
D:5 [

Annotations:
D:6 bollicks1999's ghost, novice MiFi


Innate Abilities, Weirdness & Mutations

You cannot wear most types of armour.
You are amphibious.
You can wear up to eight rings at the same time.
You can use your tentacles to constrict eight enemies at once.
Your skin changes colour to match your surroundings (Stealth).
Your rubbery body absorbs attacks (AC +1).


Message History

Aim: an orc warrior, wielding a dire flail and wearing a plate armour The searing ray hits the orc warrior.
The orc warrior is lightly wounded.
The searing ray hits the orc warrior.
The orc warrior is lightly wounded.
The searing ray hits the orc warrior.
The orc warrior is lightly wounded.
The orc warrior hits you with a dire flail!!
Ouch! That really hurt!
The searing ray hits the orc warrior.
The orc warrior is heavily wounded.
The orc warrior hits you with a dire flail!!
* * * LOW HITPOINT WARNING * * *
You see here a spear.
Read which item? (? for menu, Esc to quit)
Okay, then.
Drink which item? (? for menu, Esc to quit)
You feel better.
The orc warrior hits you with a dire flail!!
You die...

#..# ### ##.......... ##.##
#######.## #.......... ###
#..#####........####.........
..###.##.............#
##........
.....................##
##......#
.###..#...............#
######.#
.###.##.......).......# #.##
..#..###.....(<.......# ##.#
..#..# #.......o@....## #.##
....## ##...........(# ##.#
....# ##...........# #.##
....# #...........# ##.#
#...## ##.........## ##.##
#....## ##........# ##..#
##....## ##......## ##...##
##....## ##....## #.....###
#.....## ###.## ##.......##


You could see an orc warrior.

Vanquished Creatures
  Pikel (D:6)
  The ghost of Elvalys the Chopper, a novice HOBe of Trog (D:5)
  2 slaves (D:6)
  An ice beast (D:5)
  4 ogres
  3 centaurs
  An eye of draining (D:5)
  2 giant frogs
  A scorpion (D:4)
  2 crimson imps (D:5)
  3 giant frog skeletons
  A jelly (D:5)
  2 orc wizards
  2 hounds (D:3)
  An orc priest (D:3)
  2 iguanas (D:5)
  3 worker ants
  12 gnolls
  12 adders
  2 shadow imps (D:5)
  An ooze (D:4)
  8 worms
  2 adder zombies (D:5)
  2 adder skeletons
  2 giant geckos
  23 orcs
  6 ball pythons
  6 bats
  4 giant cockroaches
  13 hobgoblins
  5 giant newts
  8 goblins
  16 jackals
  A jackal skeleton (D:5)
  10 kobolds
  A quokka skeleton (D:6)
  7 rats
173 creatures vanquished.

Vanquished Creatures (others)
  2 slaves (D:6)
  An orc (D:6)
3 creatures vanquished.

Grand Total: 176 creatures vanquished

Notes
Turn   | Place    | Note
--------------------------------------------------------------
     0 | D:1      | dorian the Octopode Conjurer began the quest for the Orb.
     0 | D:1      | Reached XP level 1. HP: 11/11 MP: 3/3
   422 | D:1      | Reached XP level 2. HP: 9/17 MP: 5/5
  1050 | D:1      | Reached XP level 3. HP: 21/21 MP: 3/6
  1663 | D:2      | Reached XP level 4. HP: 14/27 MP: 1/8
  1815 | D:2      | Reached skill level 5 in Conjurations
  1974 | D:2      | Found a stormy altar of Qazlal.
  2029 | D:2      | Found a white marble altar of Elyvilon.
  2406 | D:2      | Found a sacrificial altar of Ru.
  2439 | D:2      | Reached XP level 5. HP: 29/31 MP: 9/9
  2519 | D:3      | Learned a level 2 spell: Searing Ray
  2570 | D:3      | Found a faded altar to an unknown god.
  2776 | D:3      | Found a bloodstained altar of Trog.
  3040 | D:3      | Reached skill level 6 in Conjurations
  3228 | D:3      | Reached XP level 6. HP: 36/36 MP: 7/11
  4261 | D:4      | Upgraded the game from 0.17.0-28-g6e173f8 to 0.17.0-56-gd8de76c
  4489 | D:5      | Entered Level 5 of the Dungeon
  4648 | D:5      | Reached XP level 7. HP: 34/41 MP: 7/13
  4734 | D:5      | Reached skill level 7 in Conjurations
  4852 | D:5      | Found Ikaukh's Antique Armour Boutique.
  5108 | D:4      | Learned a level 5 spell: Iskenderun's Battlesphere
  5635 | D:4      | Reached skill level 5 in Spellcasting
  5724 | D:4      | Reached skill level 8 in Conjurations
  5724 | D:4      | Reached XP level 8. HP: 31/46 MP: 6/15
  6771 | D:5      | Noticed Elvalys's ghost (novice HOBe)
  6845 | D:5      | Killed Elvalys's ghost
  6845 | D:5      | Reached skill level 9 in Conjurations
  7389 | D:5      | Reached skill level 10 in Conjurations
  7389 | D:5      | Reached XP level 9. HP: 37/51 MP: 18/18
  7889 | D:6      | Noticed bollicks1999's ghost (novice MiFi)
  8095 | D:6      | Noticed Pikel
  8111 | D:6      | Killed Pikel
  8182 | D:4      | Reached skill level 11 in Conjurations
  8418 | D:5      | HP: 2/51 [orc warrior/dire flail (24)]
  8433 | D:5      | Mangled by an orc warrior

Action                   |  1- 3 |  4- 6 |  7- 9 || total
-------------------------+-------+-------+-------++-------
Melee: Unarmed           |    26 |       |       ||    26
       Dagger            |    14 |    39 |    38 ||    91
 Cast: Magic Dart        |    71 |   133 |   118 ||   322
       Searing Ray       |       |     2 |    32 ||    34
Evoke: Wand              |       |       |     1 ||     1
  Use: Scroll            |       |       |    12 ||    12
       Potion            |       |       |     3 ||     3
 Stab: Sleeping          |       |     1 |     3 ||     4
       Distracted        |       |       |     1 ||     1
  Eat: Chunk             |     2 |     9 |    13 ||    24
